 Dungeon Crawl Stone Soup version 0.20.1-1-g8b1a95d (webtiles) character file.

3348 vomix the Severer (level 9, 0/70 HPs)
             Began as a Minotaur Berserker on Aug 12, 2017.
             Was an Elder of Trog.
             Slain by an iguana (10 damage)
             ... on level 8 of the Dungeon.
             The game lasted 00:13:58 (6251 turns).

vomix the Severer (Minotaur Berserker)              Turns: 6251, Time: 00:14:00

Health: 0/70       AC: 10    Str: 22    XL:     9   Next: 72%
Magic:  8/8        EV:  8    Int:  4    God:    Trog [****..]
Gold:   358        SH:  0    Dex: 13    Spells: 8/8 levels left

rFire    . . .     SeeInvis .   p - +0 war axe
rCold    . . .     Gourm    .   (no shield)
rNeg     . . .     Faith    .   k - +1 chain mail
rPois    .         Spirit   .   (helmet restricted)
rElec    .         Reflect  .   (no cloak)
rCorr    .         Harm     .   (no gloves)
MR       ++...                  l - +0 pair of boots
Stlth    ..........             (no amulet)
Regen    1.3/turn               (no ring)
MPRegen  0.2/turn               (no ring)

@: berserk cooldown, regenerating, slowed, very slow
A: retaliatory headbutt, horns 2
a: Berserk, Trog's Hand, Brothers in Arms, Burn Spellbooks, Renounce Religion


You were on level 8 of the Dungeon.
You worshipped Trog.
Trog was greatly pleased with you.
You were not hungry.

You visited 2 branches of the dungeon, and saw 9 of its levels.

You collected 358 gold pieces.

Inventory:

Hand Weapons
 p - a +0 war axe (weapon)
Armour
 k - a +1 chain mail (worn)
 l - a +0 pair of boots (worn)
Wands
 a - a wand of digging (16/24)
 q - a wand of flame (10/48)
Scrolls
 b - a scroll of magic mapping {unknown}
 m - 3 scrolls of remove curse
 n - a scroll of enchant armour
 o - 3 scrolls of enchant weapon
 t - a scroll of holy word {unknown}
 w - 2 scrolls of recharging
 y - a scroll of immolation {unknown}
Potions
 d - 2 potions of brilliance {unknown}
 e - 4 potions of curing
 f - 2 potions of heal wounds {unknown}
 h - 4 potions of invisibility
 r - a potion of lignification {unknown}
 s - 2 potions of mutation
 u - 3 potions of might {unknown}
 v - a potion of haste {unknown}
Comestibles
 c - 5 bread rations
 i - 4 meat rations
 j - 7 fruits


   Skills:
 - Level 3.6 Fighting
 + Level 15.8 Axes
 - Level 2.4 Armour
 - Level 2.1 Dodging


You had 8 spell levels left.
You didn't know any spells.

Dungeon Overview and Level Annotations

Branches:
Dungeon (8/15)             Temple (1/1) D:7
   Lair: D:8-11

Altars:
Ashenzari
Cheibriados
Dithmenos
Elyvilon
Fedhas
Gozag
Hepliaklqana
Kikubaaqudgha
Makhleb
Nemelex Xobeh
Okawaru
Qazlal
Ru
Sif Muna
Trog
Uskayaw
Vehumet
Xom
Yredelemnul
Zin
The Shining One

Shops:
D:4 *

Annotations:
D:8 jmlagarto's ghost, novice MiHu


Innate Abilities, Weirdness & Mutations

You reflexively headbutt those who attack you in melee.
You have a pair of horns on your head.


Message History

Jmlagarto's ghost hits you but does no damage.
You hit jmlagarto's ghost. Your headbutt misses jmlagarto's ghost.
Jmlagarto's ghost is moderately damaged.
You slash the hound!
You kill the hound!
Trog accepts your kill.
Jmlagarto's ghost hits you but does no damage.
You hit jmlagarto's ghost but do no damage.
Jmlagarto's ghost is moderately damaged.
Jmlagarto's ghost hits you but does no damage.
You are electrocuted!
* * * LOW HITPOINT WARNING * * *
You hit jmlagarto's ghost but do no damage.
Jmlagarto's ghost is moderately damaged.
You slash the iguana! Jmlagarto's ghost hits you.
* * * LOW HITPOINT WARNING * * *
You are electrocuted!
* * * LOW HITPOINT WARNING * * *
The iguana bites you!
You die...

#<# #.# #.# #.#
########.#
.........##########
..................#####
...........†...........
.........######@†......
###.+##### #lW...... #.
......... # .......)..
...........
.........###
$.......#.#
....+.......


You could see an iguana and jmlagarto's ghost.

Vanquished Creatures
  The ghost of KobiteSteele the Cutter, a novice HOWn (D:5)
  Grinder (D:3)
  Sigmund (D:4)
  A hippogriff (D:6)
  Edmund (D:5)
  3 sky beasts
  4 phantoms
  2 orc warriors
  An ice beast (D:7)
  2 ogres
  Blork the orc (D:6)
  4 bullfrogs
  A scorpion (D:6)
  A howler monkey (D:4)
  2 crimson imps
  A centaur zombie (D:6)
  2 hounds
  A bullfrog skeleton (D:4)
  An iguana (D:4)
  8 orc wizards
  10 worker ants
  A howler monkey skeleton (D:4)
  2 adders
  An ooze (D:1)
  2 adder skeletons (D:4)
  6 worms
  3 dart slugs
  7 leopard geckos
  39 orcs
  A ball python (D:1)
  8 bats
  5 giant cockroaches
  13 hobgoblins
  4 jackals
  3 quokkas
  5 frilled lizards
  5 goblins
  6 kobolds
  A leopard gecko skeleton (D:5)
  A quokka zombie (D:5)
  5 rats
167 creatures vanquished.

Notes
Turn   | Place    | Note
-------+----------+-------------------------------------------
     0 | D:1      | vomix the Minotaur Berserker began the quest for the Orb.
     0 | D:1      | Reached XP level 1. HP: 19/19 MP: 0/0
   137 | D:1      | Reached skill level 4 in Axes
   268 | D:1      | Reached XP level 2. HP: 23/26 MP: 1/1
   488 | D:1      | Reached skill level 5 in Axes
   669 | D:2      | Reached ** piety under Trog
   669 | D:2      | Reached XP level 3. HP: 24/31 MP: 2/2
  1627 | D:3      | Reached skill level 6 in Axes
  1627 | D:3      | Reached XP level 4. HP: 35/39 MP: 3/3
  1629 | D:3      | Noticed Grinder
  1638 | D:3      | Killed Grinder
  1638 | D:3      | Reached skill level 8 in Axes
  1638 | D:3      | Reached XP level 5. HP: 20/45 MP: 4/4
  1638 | D:3      | Reached XP level 6. HP: 22/51 MP: 5/5
  2684 | D:3      | Reached *** piety under Trog
  2852 | D:4      | Reached skill level 9 in Axes
  2913 | D:4      | Reached XP level 7. HP: 57/57 MP: 6/6
  2952 | D:4      | Reached skill level 10 in Axes
  2956 | D:4      | Found Qicwaheo's General Store.
  3009 | D:4      | Noticed Sigmund
  3019 | D:4      | Killed Sigmund
  3122 | D:4      | Reached skill level 11 in Axes
  3544 | D:5      | Entered Level 5 of the Dungeon
  3554 | D:5      | Reached XP level 8. HP: 64/64 MP: 7/7
  3630 | D:5      | Reached skill level 12 in Axes
  3792 | D:5      | Noticed Edmund
  3798 | D:5      | Killed Edmund
  3799 | D:5      | Reached **** piety under Trog
  3930 | D:5      | Reached skill level 13 in Axes
  3954 | D:5      | Noticed KobiteSteele's ghost (novice HOWn)
  3964 | D:5      | Killed KobiteSteele's ghost
  3964 | D:5      | Reached XP level 9. HP: 70/70 MP: 8/8
  4015 | D:5      | Reached skill level 14 in Axes
  4062 | D:5      | Found a basalt altar of Yredelemnul.
  4066 | D:5      | Noticed a profane servitor
  4077 | D:5      | Found a glowing golden altar of the Shining One.
  4079 | D:5      | Noticed an angel
  5070 | D:6      | Noticed Blork the orc
  5073 | D:6      | Killed Blork the orc
  5229 | D:7      | Found a stormy altar of Qazlal.
  5245 | D:7      | Reached skill level 15 in Axes
  5259 | D:7      | Found a staircase to the Ecumenical Temple.
  5974 | Temple   | Entered the Ecumenical Temple
  6240 | D:8      | Noticed jmlagarto's ghost (novice MiHu)
  6251 | D:8      | Slain by an iguana

Skill      XL: |  1  2  3  4  5  6  7  8  9 |
---------------+----------------------------+-----
Axes           | 4 5 6 8 9 11 13 15 | 15.8
Fighting       | |  3.6
Armour         | |  2.4
Dodging        | |  2.1

Action                   |  1- 3 |  4- 6 |  7- 9 || total
-------------------------+-------+-------+-------++-------
Melee: Hand axe          |   102 |     9 |       ||   111
       Headbutt          |    15 |    14 |    54 ||    83
       War axe           |       |   109 |   248 ||   357
Invok: Berserk           |       |     2 |     8 ||    10
       Trog's Hand       |       |     1 |     3 ||     4
       Burn Spellbooks   |       |     1 |       ||     1
  Use: Scroll            |     2 |     3 |     6 ||    11
  Eat: Chunk             |     2 |     7 |    12 ||    21
       Meat ration       |       |       |     1 ||     1
       Royal jelly       |       |       |     1 ||     1
Armor: Animal skin       |    10 |       |       ||    10
       Chain mail        |    53 |    52 |   101 ||   206
Dodge: Dodged            |    62 |    54 |    97 ||   213
